 Dungeon Crawl Stone Soup version 0.28.0-53-g5a82cb258f (webtiles) character file.

Game seed: 10214922014390504040

125 raph the Stinger (level 4, -6/33 HPs)
             Began as a Draconian Venom Mage on July 16, 2022.
             Was an Initiate of Elyvilon.
             Mangled by a black bear (11 damage)
             ... on level 2 of the Dungeon.
             The game lasted 00:04:57 (3078 turns).

raph the Stinger (Draconian Venom Mage)             Turns: 3078, Time: 00:04:58

Health: -6/33      AC:  5    Str: 10    XL:     4   Next: 82%
Magic:  1/8        EV: 12    Int: 17    God:    Elyvilon [......]
Gold:   6          SH:  0    Dex: 12    Spells: 2/8 levels left

rFire   . . .      SeeInvis .   d - +0 dagger
rCold   . . .      Faith    .   (no shield)
rNeg    . . .      Spirit   .   (armour unavailable)
rPois   .          Reflect  .   (helmet restricted)
rElec   .          Harm     .   (no cloak)
rCorr   .          Rampage  .   (no gloves)
Will    .....                   (no boots)
Stlth   ++........              (no amulet)
HPRegen 0.11/turn               (no ring)
MPRegen 0.11/turn               (no ring)

@: no status effects
A: AC +5, unfitting armour, cold-blooded
a: Renounce Religion


You were on level 2 of the Dungeon.
You worshipped Elyvilon.
Elyvilon was noncommittal.
You visited 1 branch of the dungeon, and saw 3 of its levels.

You collected 54 gold pieces.
You spent 48 gold pieces at shops.

Inventory:

Hand Weapons
 d - a +0 dagger (weapon)
Missiles
 c - 4 poisoned darts
Jewellery
 g - a ring of ice
Wands
 f - a wand of charming (8)
 j - a wand of paralysis (4)
Scrolls
 i - a scroll of vulnerability {unknown}
Potions
 a - a potion of haste
 b - a potion of cancellation
 e - a potion of heal wounds


   Skills:
 - Level 1.9 Dodging
 - Level 1.7 Stealth
 + Level 2.9 Spellcasting
 - Level 1.0 Transmutations
 * Level 5.0 Poison Magic


You had 2 spell levels left.
You knew the following spells:

 Your Spells              Type           Power      Damage    Failure   Level
a - Sting                 Tmut/Pois      48%        1d5       4%          1
b - Poisonous Vapours     Pois/Air       22%        N/A       10%         2
c - Mephitic Cloud        Conj/Pois/Air  8%         N/A       26%         3

Your spell library contained the following spells:

 Spells                   Type           Power      Damage    Failure   Level
 Olgreb's Toxic Radiance  Pois           19%        N/A       22%         4


Dungeon Overview and Level Annotations

Branches:
Dungeon (3/15)

Altars:
Elyvilon

Shops:
D:1 ?(

Annotations:
D:3 Sigmund


Innate Abilities, Weirdness & Mutations

Your plain brown scales are hard. (AC +5)
You cannot fit into any form of body armour.
You are cold-blooded and may be slowed by cold attacks.


Message History

Casting: Sting (safe; 4% risk of failure)
Confirm with . or Enter, or press ? or * to list all spells.
Aiming: Sting (safe; 4% risk of failure)
Press: ? - help, Shift-Dir - straight line, f/p - black bear
Aim: a black bear (lightly wounded, poisoned, 79% to hit)
The sting misses the black bear.
Casting: Sting (safe; 4% risk of failure)
Confirm with . or Enter, or press ? or * to list all spells.
Aiming: Sting (safe; 4% risk of failure)
Press: ? - help, Shift-Dir - straight line, f/p - black bear
Aim: a black bear (lightly wounded, poisoned, 79% to hit)
The sting hits the black bear.
The black bear looks even sicker.
The black bear is moderately wounded.
The black bear bites you but does no damage.
The black bear closely misses you. x2
The black bear bites you.
The black bear claws you but does no damage.
The black bear barely misses you.
The black bear goes berserk!
You hear an angry hiss.
The black bear misses you.
The black bear claws you but does no damage.
The black bear closely misses you.
The black bear looks more healthy.
The black bear bites you!
The black bear claws you but does no damage.
The black bear claws you.
You hear an angry hiss.
Casting: Sting (safe; 4% risk of failure)
Confirm with . or Enter, or press ? or * to list all spells.
Aiming: Sting (safe; 4% risk of failure)
Press: ? - help, Shift-Dir - straight line, f/p - black bear
Aim: a black bear (severely wounded, berserk, 79% to hit)
The sting hits the black bear but does no damage.
The black bear is poisoned.
The black bear is severely wounded.
The black bear bites you! The black bear claws you.
* * * LOW HITPOINT WARNING * * *
The black bear closely misses you. The black bear bites you!
You die...

#....<#.#.# #)#
#.....#.#)# #.#
........#.#.# #.#
##........#.#####.#
#.#..#.#.#.......#
#.####.###..###### #
... #..#
##############..##
#....@h..........#
#.############...#####
#.......r #...#####
#...# #...# ......
........ ........


You could see a black bear (berserk, poisoned).

Vanquished Creatures
  Jessica (D:3)
  An iguana (D:3)
  3 adders (D:2)
  A worm (D:2)
  2 dart slugs
  An orc (D:3)
  A ball python (D:2)
  6 bats
  4 endoplasms
  A giant cockroach (D:1)
  6 goblins
  A hobgoblin (D:2)
  A jackal (D:2)
  5 kobolds
  2 quokkas (D:1)
  A frilled lizard (D:1)
  A rat (D:2)
38 creatures vanquished.

Notes
Turn   | Place    | Note
-------+----------+-------------------------------------------
     0 | D:1      | raph the Draconian Venom Mage began the quest for the Orb.
     0 | D:1      | Reached XP level 1. HP: 14/14 MP: 3/3
   204 | D:1      | Found Manep's Magic Scroll Emporium.
   223 | D:1      | Reached XP level 2. HP: 18/20 MP: 0/5
  1107 | D:1      | Found Ravux's Weapon Emporium.
  1193 | D:1      | Found a faded altar of an unknown god.
  1412 | D:2      | Learned a level 2 spell: Poisonous Vapours
  1422 | D:2      | Noticed a black bear
  1764 | D:3      | Noticed Jessica
  1896 | D:3      | Killed Jessica
  1897 | D:3      | Reached skill level 4 in Poison Magic
  1897 | D:3      | Reached XP level 3. HP: 26/26 MP: 1/6
  1901 | D:3      | Learned a level 3 spell: Mephitic Cloud
  2036 | D:3      | Found a white marble altar of Elyvilon.
  2054 | D:3      | Reached XP level 4. HP: 20/33 MP: 0/7
  2279 | D:3      | Became a worshipper of Elyvilon the Healer
  2325 | D:3      | Noticed Sigmund
  2972 | D:1      | Bought a scroll of identify for 24 gold pieces
  2972 | D:1      | Bought a scroll of identify for 24 gold pieces
  3025 | D:2      | Reached skill level 5 in Poison Magic
  3078 | D:2      | Mangled by a black bear

Illustrated notes

Levels and vault maps discovered:
D:1:      dpeg_arrival_houses_and_road, layout_basic, serial_shops,
          nicolae_shop_hallway_plus, shop_statue,
          shapermc_ecumenical_altar_acropolis
D:2:      layout_basic, fountainhead, minmay_joined_circles, uniq_natasha
D:3:      layout_loops_cross, nicolae_elyvilon_peaceful_grove,
          kiku_gazebo_garden_becter, mainiacjoe_overflow_six_doors_small,
          skrybe_limestone_x, nrook_uturn, minmay_misc_feat_iff, uniq_jessica,
          uniq_sigmund

Skill      XL: |  1  2  3  4 |
---------------+-------------+-----
Poison Magic   | 4 5 |  5.0
Dodging        | |  1.9
Stealth        | |  1.7
Spellcasting   | |  2.9
Transmutations | |  1.0

Action                   |  1- 3 |  4- 6 || total
-------------------------+-------+-------++-------
Melee: Unarmed           |     8 |       ||     8
       Tailslap          |     1 |     3 ||     4
       Dagger            |    11 |    20 ||    31
       Punch             |       |     1 ||     1
 Cast: Sting             |    45 |    38 ||    83
       Poisonous Vapours |     1 |     4 ||     5
  Use: Scroll            |       |     3 ||     3
Armor: Skin              |    10 |    26 ||    36
Dodge: Dodged            |    26 |    52 ||    78
